 Dungeon Crawl Stone Soup version 0.28.0-55-gcd9437bce4 (webtiles) character file.

Game seed: 2757715223388592819

1430285 AarnesTheHuman the Alchemist (level 27, 124/199 HPs)
             Began as a Gnoll Fighter on Jan 3, 2023.
             Was the Champion of Qazlal.
             Escaped with the Orb
             ... and 3 runes on Jan 9, 2023!
             The game lasted 05:07:51 (98822 turns).

AarnesTheHuman the Alchemist (Gnoll Fighter)       Turns: 98822, Time: 05:07:51

Health: 124/199    AC: 46    Str: 32 (36) XL:     27
Magic:  26/31      EV: 13    Int: 13      God:    Qazlal [******]
Gold:   5584       SH: 31    Dex: 14 (16) Spells: 8/62 levels left

rFire   + + .      SeeInvis +   a - +9 demon trident (spect)
rCold   + . .      Faith    .   A - +2 tower shield {rF+}
rNeg    . . .      Spirit   +   R - +10 crystal plate armour of the Ant {rElec SInv}
rPois   +          Reflect  .   v - +1 helmet {SInv}
rElec   +          Harm     .   W - scarf {rC+ rF+}
rCorr   .          Rampage  .   O - +2 pair of gloves {hurl}
Will    +++..                   e - +2 pair of boots {Fly}
Stlth   ..........              o - amulet of Beogh's Reproof {Spirit rElec rPois}
HPRegen 0.00/turn               u - ring of Kemot {Str+6 Int+5}
MPRegen 0.22/turn               r - ring of the Fifty Wars {Will+ Str+3, =R}

@: flying, inhibited regen, hasted, studying Transmutations, repel missiles,
unable to read, very quick
A: fangs 1, strong nose, distributed training, agile 1, deterioration 2, frail
1, low MP 3, inhibited regeneration, wild magic 1, inability to read while
threatened
0: Orb of Zot
}: 3/15 runes: decaying, serpentine, silver
a: Renounce Religion, Upheaval, Elemental Force, Disaster Area


You escaped.
You worshipped Qazlal.
Qazlal was exalted by your worship.
You visited 10 branches of the dungeon, and saw 49 of its levels.
You visited the Abyss 1 time.
You also visited: Sewer, Ossuary, Bailey, Gauntlet and Wizlab.

You collected 10083 gold pieces.
You spent 4499 gold pieces at shops.

Inventory:

Hand Weapons
 a - a +9 spectral demon trident (weapon)
 b - a +9 spectral quick blade
 h - a +5 vorpal broad axe
 t - a +7 vorpal demon trident
Missiles
 i - 12 curare-tipped darts (quivered)
 I - 7 silver javelins
 Q - 8 javelins
Armour
 e - a +2 pair of boots of flying (worn)
 v - a +1 helmet of see invisible (worn)
 A - a +2 tower shield of fire resistance (worn)
 O - a +2 pair of gloves of hurling (worn)
 R - the +10 crystal plate armour of the Ant (worn) {rElec SInv}
   (You acquired it in a bailey)

   rElec:     It insulates you from electricity.
   SInv:      It lets you see invisible.
 W - a scarf of resistance (worn)
Jewellery
 o - the amulet of Beogh's Reproof (around neck) {Spirit rElec rPois}
   (You found it on level 3 of the Elven Halls)

   [amulet of guardian spirit]

   It causes incoming damage to be divided between your reserves of health and
   magic.
   rElec:     It insulates you from electricity.
   rPois:     It protects you from poison.
 r - the ring of the Fifty Wars (right hand) {Will+ Str+3, =R}
   (You took it off a deep elf zephyrmancer on level 3 of the Elven Halls)

   [ring of willpower]

   Str:       It affects your strength (+3).
   Will:      It increases your willpower.
 u - the ring of Kemot (left hand) {Str+6 Int+5}
   (You found it on level 3 of the Elven Halls)

   [ring of strength]

   Str:       It affects your strength (+6).
   Int:       It affects your intelligence (+5).
 x - the ring of Huklaeko {rF+ rC+ rN+ rCorr}
   (You bought it in a shop on level 5 of the Dungeon)

   [ring of protection from fire]

   rF:        It protects you from fire.
   rC:        It protects you from cold.
   rN:        It protects you from negative energy.
   rCorr:     It protects you from acid and corrosion.
 B - a ring of willpower
 K - the ring of Fanaticism {rC+ rN+ rCorr}
   (You found it on level 5 of the Vaults)

   [ring of positive energy]

   rC:        It protects you from cold.
   rN:        It protects you from negative energy.
   rCorr:     It protects you from acid and corrosion.
Wands
 f - a wand of polymorph (10)
 y - a wand of flame (20)
 z - a wand of digging (12)
 C - a wand of paralysis (16)
 F - a wand of mindburst (22)
 G - a wand of iceblast (22)
 J - a wand of charming (2)
 T - a wand of acid (3)
Scrolls
 c - a scroll of holy word
 m - 18 scrolls of teleportation
 n - 7 scrolls of fog
 p - 8 scrolls of fear
 H - 4 scrolls of magic mapping
 P - a scroll of summoning
 S - a scroll of blinking
 Z - 4 scrolls of silence
Potions
 d - 4 potions of might
 g - 2 potions of brilliance
 j - 3 potions of lignification
 k - 13 potions of heal wounds
 l - 2 potions of mutation
 q - 4 potions of haste
 s - 10 potions of magic
 w - 22 potions of curing
 D - 6 potions of invisibility
 E - 8 potions of resistance
 M - 6 potions of berserk rage
 N - a potion of cancellation
 U - 3 potions of ambrosia
Miscellaneous
 V - a phantom mirror
 X - a box of beasts
 Y - a tin of tremorstones (2/2)


   Skills:
 + Level 19.3 Fighting
 + Level 18.4 Short Blades
 + Level 18.4 Long Blades
 + Level 18.9 Axes
 + Level 18.4 Maces & Flails
 + Level 18.4 Polearms
 + Level 18.4 Staves
 + Level 18.4 Slings
 + Level 18.4 Bows
 + Level 18.4 Crossbows
 + Level 18.4 Throwing
 + Level 19.3 Armour
 + Level 18.4 Dodging
 + Level 18.4 Stealth
 + Level 19.3 Shields
 + Level 18.4 Unarmed Combat
 + Level 18.4 Spellcasting
 + Level 15.6 Conjurations
 + Level 15.6 Hexes
 + Level 15.6 Summonings
 + Level 15.6 Necromancy
 + Level 15.6 Translocations
 + Level 20.0 Transmutations
 + Level 15.6 Fire Magic
 + Level 15.6 Ice Magic
 + Level 15.6 Air Magic
 + Level 15.6 Earth Magic
 + Level 15.6 Poison Magic
 + Level 19.9 Invocations
 + Level 18.4 Evocations


You had 8 spell levels left.
You knew the following spells:

 Your Spells              Type           Power      Damage    Failure   Level
a - Wereblood             Tmut           70%        N/A       1%          2
b - Passwall              Tmut/Erth      55%        N/A       1%          2
c - Swiftness             Air            62%        N/A       1%          3
d - Frozen Ramparts       Ice            100%       1d12      1%          3
e - Mephitic Cloud        Conj/Pois/Air  62%        N/A       1%          3
f - Summon Lightning Spi  Summ/Air       62%        N/A       3%          4
g - Airstrike             Air            31%        N/A       3%          4
h - Cause Fear            Hex            31%        N/A       3%          4
i - Irradiate             Conj/Tmut      33%        3d24      3%          5
j - Poisonous Vapours     Pois/Air       100%       N/A       1%          2
k - Hailstorm             Conj/Ice       62%        3d13      3%          4
l - Stone Arrow           Conj/Erth      100%       3d13      1%          3
m - Borgnjor's Vile Clut  Necr/Erth      31%        N/A       7%          5
n - Silence               Hex/Air        31%        N/A       7%          5
o - Freezing Cloud        Conj/Ice/Air   31%        6-21      7%          5

Your spell library contained the following spells:

 Spells                   Type           Power      Damage    Failure   Level
 Animate Skeleton         Necr           100%       N/A       1%          1
 Beastly Appendage        Tmut           100%       N/A       1%          1
 Foxfire                  Conj/Fire      100%       2x1d9     1%          1
 Freeze                   Ice            100%       1d11      1%          1
 Magic Dart               Conj           100%       1d8       1%          1
 Pain                     Necr           100%       1d9       1%          1
 Sandblast                Erth           100%       2d20      1%          1
 Shock                    Conj/Air       100%       1d9       1%          1
 Slow                     Hex            100%       N/A       1%          1
 Call Imp                 Summ           62%        N/A       1%          2
 Corpse Rot               Necr/Air       100%       N/A       1%          2
 Ensorcelled Hibernation  Hex/Ice        100%       N/A       1%          2
 Static Discharge         Conj/Air       62%        N/A       1%          2
 Sublimation of Blood     Necr           62%        N/A       1%          2
 Call Canine Familiar     Summ           62%        N/A       1%          3
 Confusing Touch          Hex            62%        N/A       1%          3
 Conjure Flame            Conj/Fire      62%        6-21      1%          3
 Dazzling Flash           Conj/Hex       100%       N/A       1%          3
 Ignite Poison            Fire/Tmut/Pois 65%        N/A       1%          3
 Inner Flame              Hex/Fire       62%        N/A       1%          3
 Portal Projectile        Hex/Tloc       100%       N/A       1%          3
 Spider Form              Tmut/Pois      66%        N/A       1%          3
 Vampiric Draining        Necr           62%        2d10      1%          3
 Ice Form                 Ice/Tmut       66%        N/A       1%          4
 Petrify                  Tmut/Erth      66%        N/A       1%          4
 Blade Hands              Tmut           35%        N/A       1%          5
 Anguish                  Hex/Necr       31%        N/A       3%          4
 Animate Armour           Summ/Erth      100%       N/A       3%          4
 Animate Dead             Necr           31%        N/A       3%          4
 Dispel Undead            Necr           62%        3d22      3%          4
 Leda's Liquefaction      Hex/Erth       31%        N/A       3%          4
 Sticky Flame             Conj/Fire      62%        2d8       3%          4
 Summon Ice Beast         Ice/Summ       62%        N/A       3%          4
 Agony                    Necr           62%        N/A       7%          5
 Excruciating Wounds      Necr           31%        N/A       7%          5
 Lightning Bolt           Conj/Air       31%        1d48      7%          5
 Summon Forest            Summ/Tloc      31%        N/A       7%          5
 Summon Mana Viper        Hex/Summ       62%        N/A       7%          5
 Eringya's Noxious Bog    Tmut/Pois      33%        N/A       14%         6
 Statue Form              Tmut/Erth      44%        N/A       14%         6
 Conjure Ball Lightning   Conj/Air       31%        3x3d10    32%         6
 Death Channel            Necr           31%        N/A       32%         6
 Iron Shot                Conj/Erth      31%        9d6       32%         6
 Simulacrum               Ice/Necr       31%        N/A       32%         6
 Summon Cactus Giant      Summ           31%        N/A       32%         6
 Orb of Destruction       Conj           31%        9d10      86%         7
 Summon Hydra             Summ           31%        N/A       86%         7
 Necromutation            Tmut/Necr      33%        N/A       99%         8
 Borgnjor's Revivificati  Necr           31%        N/A       100%        8
 Discord                  Hex            31%        N/A       100%        8
 Disjunction              Tloc           31%        N/A       100%        8
 Maxwell's Capacitive Co  Air            31%        ∞         100%        8
 Chain Lightning          Conj/Air       31%        3d41      100%        9
 Fire Storm               Conj/Fire      31%        8d8       100%        9
 Polar Vortex             Ice            31%        N/A       100%        9
 Shatter                  Erth           31%        3d25*     100%        9


Dungeon Overview and Level Annotations

Branches:
Dungeon (15/15)            Temple (1/1) D:6            Lair (6/6) D:8
  Swamp (4/4) Lair:3        Snake (4/4) Lair:3        Slime (0/5) Lair:6
    Orc (2/2) D:12            Elf (3/3) Orc:2        Vaults (5/5) D:14
  Crypt (0/3) Vaults:3     Depths (4/4) D:15            Zot (5/5) Depths:4
  Sewer (visited)         Ossuary (visited)          Bailey (visited)
 WizLab (visited)         Gauntlet (visited)

Altars:
Ashenzari
Cheibriados
Dithmenos
Elyvilon
Fedhas
Gozag
Hepliaklqana
Kikubaaqudgha
Makhleb
Nemelex Xobeh
Okawaru
Qazlal
Ru
Sif Muna
Trog
Vehumet
Wu Jian
Xom
Yredelemnul
Zin
The Shining One
Beogh
Jiyva

Shops:
D:4 *!   D:5 [=   D:6 *   Orc:2 :?(*!   Vaults:3 *==[=   Depths:1 !((
Depths:4 *

Portals:
Hell: Depths:1 Depths:2 Depths:3 Depths:4
Abyss: Depths:3 Depths:4
Pandemonium: Orc:2 Depths:2 Depths:3
Ziggurat: Depths:3

Annotations:
D:4 3 runed translucent doors, exclusion: 3 doors, Sensen's ghost, amateur DDFi
D:6 1 runed translucent door, Crazy Yiuf
Lair:6 1 runed translucent door, exclusion: door
Snake:3 1 runed translucent door, exclusion: door, peterlawrence's ghost, adept MiFi
Elf:2 3 runed translucent doors, exclusion: 3 doors
Vaults:2 exclusion: downstairs
Vaults:3 exclusion: 2 downstairs
Depths:2 1 runed translucent door
Zot:3 exclusion: 3 downstairs
Zot:4 exclusion: 2 downstairs


Innate Abilities, Weirdness & Mutations

You have very sharp teeth.
Your uncanny sense of smell can sniff out nearby items.
Your experience applies equally to all skills.
You are agile. (Dex +2)
Your body often deteriorates upon taking damage.
You are frail. (-10% HP)
Your magical capacity is extremely low. (-30% MP)
You do not regenerate when monsters are visible.
Your spells are a little harder to cast, but a little more powerful.
You sometimes lose the ability to read scrolls when taking damage.


Message History

Things that are here:
a +0 leather armour; a +0 dagger Magic restored.
An orange demon and a sun demon come into view.
The sun demon moves out of view.
There is a stone staircase leading down here.
There is a stone staircase leading up here.
You fly upwards.
There is a stone staircase leading down here.
An Addaeshulu, a small abomination and a red devil come into view.
The red devil is wielding a +2 trident of flaming.
You feel yourself speed up. You block Addaeshulu's attack.
You block the red devil's attack.
Addaeshulu gestures.
Lightning arcs from Addaeshulu's claws!
The bolt of lightning hits the small abomination!
The bolt of lightning hits Addaeshulu.
Addaeshulu resists.
The bolt of lightning hits the red devil!!!
The red devil dies!
The bolt of lightning hits you!! You resist.
You feel threatened and lose the ability to read scrolls!
You cannot read scrolls in your current state!
Unknown command.
Unknown command.
There is an open door here.
There is a staircase leading out of the dungeon here.
Press: ? - help, v - describe, . - travel
Here: Addaeshulu, armed with a flaming touch An open door.
Unknown command.
Unknown command.
Unknown command.
Addaeshulu gestures.
Lightning arcs from Addaeshulu's claws!
The bolt of lightning hits the small abomination!!!!
The small abomination is destroyed!
A bolt of lightning appears from out of thin air!
The bolt of lightning hits Addaeshulu.
Addaeshulu resists.
The bolt of lightning hits you. You resist.
You have escaped!

#.....###.###.##..###.####
#.#######.###.).).#[..#..#
#.#.............#.#...#..#
#.#.#####&#####...###.....
##.#.#PPP#.#PPP#........###
#..#.#P⌠P#.#P⌠P#...#..#.÷:#
####.##.#PPP#.#PPP#...#:.#...#
#.......#####.#####...####.###
#.......+....@....+...........
#.......#####.#####.#######...
#.......#PPP#.#PPP#.# #...
#.......#P⌠P#.#P⌠P#.# #...
#.......#PPP#.#PPP#.# #...
♣♣♣♣♣......#####+#####.# ####
.......................#
♣♣♣♣♣####........#######
##########


You could see Addaeshulu.

Vanquished Creatures
  2 dread liches
  8 orbs of fire
  5 ancient liches
  A juggernaut (Depths:2)
  Sojobo (Vaults:2)
  Frederick (Vaults:4)
  6 Killer Klowns
  Xtahua (Vaults:4)
  Saint Roka (Depths:4)
  2 curse toes
  15 golden dragons
  A profane servitor (Depths:3)
  A bone dragon (Depths:4)
  6 electric golems
  14 tentacled monstrosities
  Mlioglotl (Swamp:2)
  26 Orb Guardians
  4 quicksilver dragons
  8 acid blobs
  2 deep elf master archers (Elf:3)
  5 liches
  6 titans
  A walking frostbound tome (Depths:4)
  4 deep elf blademasters
  Asterion (Elf:3)
  3 sphinxes
  10 death cobs
  2 ancient champions
  An Executioner (Depths:4)
  Gastronok (Lair:3)
  Kirke (Snake:3)
  7 tengu reavers
  3 thorn hunters
  Roxanne (D:15)
  5 nagarajas
  10 storm dragons
  13 draconian monks
  12 shadow dragons
  9 frost giants
  9 fire giants
  13 vault wardens
  An iron dragon (Depths:3)
  A fenstrider witch (Swamp:1)
  9 draconian knights
  3 ghost moths
  12 draconian shifters
  9 draconian scorchers
  A juggernaut zombie (Depths:4)
  4 balrugs
  A caustic shrike zombie (Depths:4)
  7 draconian stormcallers
  An angel (Depths:3)
  7 deep elf elementalists
  7 deep elf sorcerers (Elf:3)
  7 draconian annihilators
  12 ironbound preservers
  13 stone giants
  2 spriggan defenders
  4 ironbound thunderhulks
  A caustic shrike skeleton (Depths:4)
  A juggernaut skeleton (Depths:4)
  22 very ugly things
  2 war gargoyles
  16 green draconians
  18 red draconians
  7 deep elf demonologists
  14 black draconians
  A demonspawn black sun (D:13)
  8 vampire knights
  17 purple draconians
  3 entropy weavers
  4 bunyips
  22 yellow draconians
  A minotaur (Gauntlet)
  9 spark wasps
  11 deep elf annihilators
  19 white draconians
  An eidolon (Vaults:3)
  5 ettins
  Josephine (Swamp:1)
  6 deep elf death magi
  5 deep elf high priests
  16 fire dragons
  4 rakshasas
  8 great orbs of eyes
  A hydra (shapeshifter) (Gauntlet)
  A spriggan zombie (Depths:4)
  A great orb of eyes (shapeshifter) (Vaults:5)
  A jiangshi (Depths:4)
  30 vault guards
  An ogre mage (Vaults:5)
  10 yaktaur captains
  3 salamander tyrants (Snake:4)
  5 ice dragons
  A peacekeeper (Vaults:2)
  2 boulder beetles
  4 spriggan air magi
  2 demonspawn (Orc:2)
  14 naga warriors
  2 spriggan skeletons (Depths:4)
  A quicksilver dragon skeleton (Depths:4)
  20 hydras
  6 alligators
  7 ironbound frosthearts
  9 anacondas
  2 death knights
  5 centaur warriors
  3 catoblepae (Lair:6)
  A two-headed ogre (shapeshifter) (Vaults:5)
  4 two-headed ogres
  11 tengu warriors
  24 dancing weapons
  14 death yaks
  4 deep troll earth magi
  6 orc high priests
  6 spriggan berserkers
  5 shock serpents
  5 sun demons
  4 deep troll shamans
  A thrashing horror (Abyss:3)
  3 titan zombies
  4 deep elf knights
  12 naga sharpshooters
  15 skeletal warriors
  A soul eater (Vaults:3)
  6 hell knights
  Sonja (D:13)
  4 titan skeletons
  A spatial maelstrom (Abyss:3)
  A spark wasp zombie (Depths:1)
  3 iron trolls
  2 goliath frogs
  A shadow wraith (Vaults:4)
  2 glowing orange brains (Depths:4)
  A salamander mystic (Snake:3)
  A death drake (Gauntlet)
  A wretched star (Abyss:3)
  2 golden dragon zombies
  6 naga ritualists
  11 sea snakes
  2 flayed ghosts (Depths:2)
  A storm dragon skeleton (Depths:4)
  44 deep trolls
  4 spriggan druids
  11 deep elf archers
  11 bog bodies
  11 swamp dragons
  Pikel (D:6)
  16 ironbound convokers
  9 lindwurms
  10 necromancers
  4 wizards
  5 orc knights
  A tengu zombie (Depths:4)
  2 shadow dragon zombies (Depths:4)
  12 phantasmal warriors
  9 mana vipers
  23 deep elf zephyrmancers
  37 ugly things
  A wolf spider (D:15)
  An oklob plant (Zot:4)
  2 will-o-the-wisps
  A shadow dragon skeleton (Depths:3)
  22 deep elf pyromancers
  A frost giant zombie (Vaults:4)
  11 orc sorcerers
  A moth of wrath (shapeshifter) (Vaults:4)
  10 salamanders
  A spectral centaur (Gauntlet)
  16 moths of wrath
  A faun (shapeshifter) (Gauntlet)
  A sphinx skeleton (Depths:4)
  8 cyclopes
  6 manticores
  A rust devil (Depths:3)
  26 black mambas
  3 elephants (Lair:3)
  A guardian serpent (Snake:4)
  An iron dragon skeleton (Depths:4)
  10 naga magi
  A torpor snail (Lair:5)
  10 vault sentinels
  A frost giant skeleton (Depths:1)
  2 ice statues
  11 komodo dragons
  7 orange demons
  A gargoyle (D:12)
  12 cane toads
  Maggie (D:7)
  2 rime drakes (Gauntlet)
  22 yaktaurs
  4 unseen horrors
  2 tengu conjurers
  3 freezing wraiths
  2 kobold demonologists
  A tormentor (D:6)
  3 ice devils
  A hellwing (Depths:3)
  An ancient zyme (Abyss:3)
  A red devil (Orc:2)
  A yaktaur skeleton (Vaults:4)
  6 polar bears
  7 tyrant leeches
  2 bloated husks
  A queen bee (shapeshifter) (Vaults:5)
  4 trolls
  3 meliai (D:15)
  A troll (shapeshifter) (D:15)
  A human skeleton (Vaults:3)
  32 blink frogs
  13 hornets
  9 dream sheep
  8 raiju (Abyss:3)
  An ettin zombie (Vaults:3)
  26 slime creatures
  An ettin skeleton (Depths:1)
  A shadow (D:12)
  14 spriggans
  5 vampires
  9 wraiths
  2 water elementals
  9 wyverns
  A centaur simulacrum (D:15)
  2 hogs
  5 fire elementals
  17 humans (D:14)
  A ynoxinul (Abyss:3)
  50 yaks
  16 vampire mosquitoes
  3 steam dragons
  A redback (shapeshifter) (Vaults:5)
  An elf simulacrum (Vaults:3)
  6 basilisks
  7 large abominations
  2 neqoxecs
  35 nagas
  8 swamp worms
  8 wargs
  A two-headed ogre zombie (WizLab)
  20 water moccasins
  46 orc warriors
  7 swamp drakes (Swamp:4)
  An ice beast (D:8)
  A sky beast (shapeshifter) (D:15)
  2 sky beasts
  4 starcursed masses (Abyss:3)
  5 ogres
  10 wolves
  2 centaurs
  5 elf zombies
  3 earth elementals
  2 kobold brigands (Depths:4)
  11 bullfrogs
  6 scorpions
  A glowing shapeshifter simulacrum (Depths:3)
  A gnoll sergeant (D:8)
  9 troll zombies (WizLab)
  A wyvern skeleton (D:7)
  17 killer bees
  6 wights (WizLab)
  A howler monkey (D:12)
  4 electric eels
  5 centaur zombies
  A centaur skeleton (D:6)
  2 hounds (D:6)
  An iron imp (Abyss:3)
  4 gnoll shamans
  24 jellies
  28 orc priests
  4 human zombies
  7 hell rats
  4 iguanas
  13 orc wizards
  A killer bee zombie (D:6)
  4 ogre zombies (WizLab)
  A hound zombie (D:5)
  2 hound skeletons (D:5)
  2 mummies (Ossuary)
  20 gnolls
  A howler monkey skeleton (D:7)
  7 river rats (Lair:6)
  5 adders
  A white imp (D:5)
  An ufetubus (D:3)
  An adder zombie (Ossuary)
  An adder skeleton (D:4)
  2 worms
  A dart slug (D:3)
  82 orcs
  14 ball pythons
  5 bats
  8 endoplasms
  6 giant cockroaches
  5 goblins
  13 hobgoblins
  8 jackals
  4 quokkas
  5 frilled lizards
  10 hobgoblin zombies (Ossuary)
  2 jackal zombies (Ossuary)
  10 kobolds
  10 kobold zombies (Ossuary)
  8 orc zombies (Ossuary)
  6 rats
  A rat zombie (Ossuary)
2091 creatures vanquished.

Vanquished Creatures (collateral kills)
  Nikola (Elf:2)
  A tengu reaver (Vaults:2)
  Louise (Snake:2)
  A deep elf annihilator (Elf:2)
  A deep troll (Depths:3)
  A large abomination (Snake:2)
6 creatures vanquished.

Vanquished Creatures (others)
  A draconian stormcaller (Zot:5)
  2 deep elf knights (Elf:2)
  A deep elf pyromancer (Elf:3)
  A deep elf zephyrmancer (Elf:1)
  A red devil (D:1)
  A bloated husk (Swamp:2)
  3 humans
  2 small abominations
  4 jellies (Zot:4)
  2 foxfires (Swamp:1)
  22 fungi
  71 plants
  6 starspawn tentacles (Abyss:3)
  14 withered plants (Gauntlet)
131 creatures vanquished.

Grand Total: 2228 creatures vanquished

Notes
Turn   | Place    | Note
-------+----------+-------------------------------------------
     0 | D:1      | AarnesTheHuman the Gnoll Fighter began the quest for the
                  | Orb.
     0 | D:1      | Reached XP level 1. HP: 23/23 MP: 1/1
    27 | D:1      | Reached XP level 2. HP: 24/29 MP: 2/2
   139 | D:1      | Found a faded altar of an unknown god.
   424 | D:1      | Reached XP level 3. HP: 32/35 MP: 3/3
   946 | D:2      | Reached skill level 1 in Invocations
  1173 | D:2      | Reached skill level 1 in Short Blades
  1173 | D:2      | Reached skill level 1 in Long Blades
  1173 | D:2      | Reached skill level 1 in Maces & Flails
  1173 | D:2      | Reached skill level 1 in Polearms
  1173 | D:2      | Reached skill level 1 in Staves
  1173 | D:2      | Reached skill level 1 in Slings
  1173 | D:2      | Reached skill level 1 in Bows
  1173 | D:2      | Reached skill level 1 in Crossbows
  1173 | D:2      | Reached skill level 1 in Throwing
  1173 | D:2      | Reached skill level 1 in Dodging
  1173 | D:2      | Reached skill level 1 in Stealth
  1173 | D:2      | Reached skill level 1 in Unarmed Combat
  1173 | D:2      | Reached skill level 1 in Spellcasting
  1173 | D:2      | Reached skill level 1 in Evocations
  1452 | D:2      | Reached XP level 4. HP: 41/41 MP: 5/5
  2517 | D:2      | Reached skill level 1 in Conjurations
  2517 | D:2      | Reached skill level 1 in Hexes
  2517 | D:2      | Reached skill level 1 in Summonings
  2517 | D:2      | Reached skill level 1 in Necromancy
  2517 | D:2      | Reached skill level 1 in Translocations
  2517 | D:2      | Reached skill level 1 in Transmutations
  2517 | D:2      | Reached skill level 1 in Fire Magic
  2517 | D:2      | Reached skill level 1 in Ice Magic
  2517 | D:2      | Reached skill level 1 in Air Magic
  2517 | D:2      | Reached skill level 1 in Earth Magic
  2517 | D:2      | Reached skill level 1 in Poison Magic
  2667 | D:3      | Reached XP level 5. HP: 46/47 MP: 6/6
  3288 | D:4      | Found Wiatwodd's General Store.
  3305 | D:4      | Reached XP level 6. HP: 22/53 MP: 8/8
  3548 | D:4      | Found a glowing drain.
  3557 | Sewer    | Entered a sewer
  3655 | Sewer    | Noticed a water moccasin
  3677 | Sewer    | Killed a water moccasin
  3678 | Sewer    | Reached skill level 5 in Axes
  3975 | D:4      | Found Qoabamipi's Distillery.
  3994 | D:4      | Noticed Sensen's ghost (amateur DDFi)
  3995 | D:4      | Found a runed translucent gate.
  3995 | D:4      | Found a runed translucent gate.
  3995 | D:4      | Found a runed translucent gate.
  4153 | D:4      | Found a white marble altar of Elyvilon.
  4284 | D:4      | Found an ancient bone altar of Kikubaaqudgha.
  4287 | D:4      | Noticed a human
  4288 | D:4      | Killed a human
  4454 | D:5      | Entered Level 5 of the Dungeon
  4605 | D:5      | Reached XP level 7. HP: 57/59 MP: 10/10
  4948 | D:5      | Found Ynaficsi's Jewellery Shop.
  4952 | D:5      | Found Cugeir's Armour Shop.
  5310 | D:5      | Reached skill level 2 in Transmutations
  5653 | D:6      | Found a staircase to the Ecumenical Temple.
  5659 | Temple   | Entered the Ecumenical Temple
  5790 | Temple   | Became a worshipper of Qazlal Stormbringer
  5919 | D:6      | Reached XP level 8. HP: 45/67 MP: 12/12
  6070 | D:6      | Noticed Pikel
  6084 | D:6      | HP: 2/67 [Pikel/+2 whip of flaming (6)]
  6090 | D:6      | Killed Pikel
  6091 | D:6      | Reached skill level 3 in Transmutations
  6103 | D:6      | Found a sand-covered staircase.
  6112 | Ossuary  | Entered an ossuary
  6244 | Ossuary  | Reached * piety under Qazlal
  6418 | Ossuary  | Reached XP level 9. HP: 41/72 MP: 14/14
  6721 | D:6      | Found Naeg's Lightly-Used Armoury.
  6901 | D:6      | Found a snail-covered altar of Cheibriados.
  7227 | D:6      | Found a runed translucent door.
  7228 | D:6      | Noticed Crazy Yiuf
  8475 | D:7      | Reached ** piety under Qazlal
  8719 | D:7      | Noticed Maggie
  8732 | D:7      | Killed Maggie
  9298 | D:7      | Identified 3 scrolls of acquirement
  9300 | D:6      | Acquired 520 gold pieces
  9302 | D:6      | Acquired a +9 quick blade
  9303 | D:6      | Acquired 765 gold pieces
  9520 | D:5      | Bought the amulet of Liras {Reflect Dex+4 SH+5} for 590
                  | gold pieces
  9520 | D:5      | Bought the ring of Huklaeko {rF+ rC+ rN+ rCorr} for 634
                  | gold pieces
 10599 | D:8      | Reached skill level 5 in Invocations
 10631 | D:8      | Reached skill level 4 in Transmutations
 10631 | D:8      | Reached XP level 10. HP: 79/80 MP: 17/17
 10651 | D:8      | Reached skill level 5 in Short Blades
 10651 | D:8      | Reached skill level 5 in Long Blades
 10651 | D:8      | Reached skill level 5 in Maces & Flails
 10651 | D:8      | Reached skill level 5 in Polearms
 10651 | D:8      | Reached skill level 5 in Staves
 10651 | D:8      | Reached skill level 5 in Slings
 10651 | D:8      | Reached skill level 5 in Bows
 10651 | D:8      | Reached skill level 5 in Crossbows
 10651 | D:8      | Reached skill level 5 in Throwing
 10651 | D:8      | Reached skill level 5 in Dodging
 10651 | D:8      | Reached skill level 5 in Stealth
 10651 | D:8      | Reached skill level 5 in Unarmed Combat
 10651 | D:8      | Reached skill level 5 in Spellcasting
 10651 | D:8      | Reached skill level 5 in Evocations
 10956 | D:8      | Noticed a death yak
 10957 | D:8      | Noticed a death yak
 11429 | D:8      | Found a staircase to the Lair.
 11429 | D:8      | Noticed a death yak
 11630 | D:7      | Killed a death yak
 11891 | D:7      | Killed a death yak
 12146 | D:7      | Killed a death yak
 12147 | D:7      | Reached XP level 11. HP: 55/87 MP: 19/19
 12601 | D:5      | Bought a ring of poison resistance for 260 gold pieces
 12730 | Lair:1   | Entered Level 1 of the Lair of Beasts
 12860 | D:8      | Reached skill level 5 in Conjurations
 12860 | D:8      | Reached skill level 5 in Hexes
 12860 | D:8      | Reached skill level 5 in Summonings
 12860 | D:8      | Reached skill level 5 in Necromancy
 12860 | D:8      | Reached skill level 5 in Translocations
 12860 | D:8      | Reached skill level 5 in Transmutations
 12860 | D:8      | Reached skill level 5 in Fire Magic
 12860 | D:8      | Reached skill level 5 in Ice Magic
 12860 | D:8      | Reached skill level 5 in Air Magic
 12860 | D:8      | Reached skill level 5 in Earth Magic
 12860 | D:8      | Reached skill level 5 in Poison Magic
 13089 | Lair:1   | Reached *** piety under Qazlal
 14184 | Lair:2   | Noticed a six-headed hydra
 14211 | Lair:1   | Killed a six-headed hydra
 14871 | Lair:2   | Reached XP level 12. HP: 94/96 MP: 22/22
 15729 | Lair:3   | Found a staircase to the Swamp.
 15894 | Lair:2   | Reached skill level 6 in Transmutations
 16184 | Lair:3   | Learned a level 2 spell: Wereblood
 16187 | Lair:3   | Learned a level 2 spell: Passwall
 16310 | Lair:3   | Noticed a six-headed hydra
 16327 | Lair:3   | Killed a six-headed hydra
 16668 | Lair:3   | Found a staircase to the Snake Pit.
 16767 | Lair:3   | Reached skill level 10 in Fighting
 16767 | Lair:3   | Reached skill level 10 in Armour
 16767 | Lair:3   | Reached skill level 10 in Shields
 17077 | Lair:3   | Noticed Gastronok
 17097 | Lair:3   | Killed Gastronok
 17850 | Lair:4   | Reached **** piety under Qazlal
 18293 | Lair:4   | Reached XP level 13. HP: 103/103 MP: 24/24
 19994 | Lair:6   | Entered Level 6 of the Lair of Beasts
 20193 | Lair:6   | Reached ***** piety under Qazlal
 20202 | Lair:6   | Reached skill level 7 in Transmutations
 20216 | Lair:6   | Got Vuanlij's Reference Book on the Rocks and Conjuration
 20557 | Lair:6   | Reached skill level 10 in Axes
 20623 | Lair:6   | Reached XP level 14. HP: 64/113 MP: 24/26
 20949 | Lair:6   | Found a runed translucent door.
 20949 | Lair:6   | Found a viscous altar of Jiyva.
 20949 | Lair:6   | Noticed an acid blob
 20950 | Lair:6   | Noticed an acid blob
 20950 | Lair:6   | Noticed an acid blob
 20951 | Lair:6   | Found a staircase to the Slime Pits.
 21647 | Lair:6   | Identified the +7 longbow "AarnesTheHuman's Doom" {freeze,
                  | *Slow rF++ Will+ rCorr}
 22089 | D:9      | Reached skill level 10 in Invocations
 22217 | D:9      | Found a flagged portal.
 22226 | Bailey   | Entered a bailey
 22290 | Bailey   | Reached ****** piety under Qazlal
 22412 | Bailey   | Found a large runed translucent door.
 22412 | Bailey   | Found a large runed translucent door.
 22450 | Bailey   | Learned a level 3 spell: Swiftness
 22463 | Bailey   | Acquired the +10 crystal plate armour of the Ant {rElec
                  | SInv}
 23082 | D:10     | Entered Level 10 of the Dungeon
 24560 | D:11     | Reached skill level 8 in Transmutations
 24730 | D:11     | Identified the +6 war axe of Futuristic Guilt {venom,
                  | Stlth+}
 25564 | D:12     | Found a staircase to the Orcish Mines.
 26517 | D:13     | Noticed Sonja
 26529 | D:13     | Reached XP level 15. HP: 120/120 MP: 28/28
 26530 | D:13     | Killed Sonja
 26861 | D:13     | Identified the +2 chain mail of Shadows and Fog {Int+3}
 27248 | D:14     | Reached skill level 10 in Short Blades
 27248 | D:14     | Reached skill level 10 in Long Blades
 27248 | D:14     | Reached skill level 10 in Maces & Flails
 27248 | D:14     | Reached skill level 10 in Polearms
 27248 | D:14     | Reached skill level 10 in Staves
 27248 | D:14     | Reached skill level 10 in Slings
 27248 | D:14     | Reached skill level 10 in Bows
 27248 | D:14     | Reached skill level 10 in Crossbows
 27248 | D:14     | Reached skill level 10 in Throwing
 27248 | D:14     | Reached skill level 10 in Dodging
 27248 | D:14     | Reached skill level 10 in Stealth
 27248 | D:14     | Reached skill level 10 in Unarmed Combat
 27248 | D:14     | Reached skill level 10 in Spellcasting
 27248 | D:14     | Reached skill level 10 in Evocations
 27364 | D:14     | Found a gate to the Vaults.
 27515 | D:14     | Found a gate leading to a gauntlet.
 27529 | Gauntlet | Entered a Gauntlet
 27529 | Gauntlet | Found a transporter.
 27529 | Gauntlet | Found a transporter.
 27529 | Gauntlet | Found a transporter.
 27549 | Gauntlet | Found a transporter.
 27552 | Gauntlet | Found a transporter.
 27552 | Gauntlet | Found a transporter.
 27562 | Gauntlet | Found a transporter.
 27566 | Gauntlet | Found a transporter.
 27576 | Gauntlet | Found a transporter.
 27587 | Gauntlet | Found a transporter.
 27605 | Gauntlet | Found a transporter.
 27609 | Gauntlet | Found a transporter.
 27800 | Gauntlet | Identified the +1 robe of the Other Side {rPois Int-3
                  | Slay+3}
 27885 | Gauntlet | Got Sif Muna's Guide on Unholy Rites and Ice
 27926 | Gauntlet | Identified the ring of Yluo {*Corrode rF+ rC++ Str+6 Dex+2}
 28081 | Gauntlet | Identified the +7 shortbow "Earthworm" {flame, SInv}
 28117 | Gauntlet | Got Yfaomuh's Grimoire of Transformation
 28269 | D:14     | Found an ornate altar of the Wu Jian Council.
 28915 | D:15     | Entered Level 15 of the Dungeon
 29299 | D:15     | Identified Roxanne's Reference Book on the Rocks
 29299 | D:15     | Noticed Roxanne
 29400 | D:15     | Reached skill level 9 in Transmutations
 29724 | D:15     | Found a staircase to the Depths.
 29982 | D:15     | Killed Roxanne
 29983 | D:15     | Reached XP level 16. HP: 97/128 MP: 30/30
 30481 | Swamp:1  | Entered Level 1 of the Swamp
 30747 | Swamp:1  | Noticed a fenstrider witch
 30758 | Swamp:1  | Killed a fenstrider witch
 30910 | Swamp:1  | Noticed Josephine
 30921 | Swamp:1  | Killed Josephine
 31417 | Swamp:2  | Noticed Mlioglotl
 31434 | Swamp:2  | Killed Mlioglotl
 31732 | Swamp:2  | Noticed a thorn hunter
 31750 | Swamp:2  | Killed a thorn hunter
 32155 | Swamp:3  | Noticed a thorn hunter
 32164 | Swamp:3  | Killed a thorn hunter
 32334 | Swamp:3  | Noticed a thorn hunter
 32356 | Swamp:3  | Killed a thorn hunter
 32457 | Swamp:3  | Reached skill level 10 in Transmutations
 33057 | Swamp:4  | Entered Level 4 of the Swamp
 33457 | Swamp:4  | Reached XP level 17. HP: 136/136 MP: 32/32
 34285 | Swamp:4  | Got a decaying rune of Zot
 34523 | Snake:1  | Entered Level 1 of the Snake Pit
 34657 | Lair:3   | Found a staircase to the Swamp.
 34732 | Lair:3   | Found a staircase to the Snake Pit.
 36665 | Snake:2  | Found a runed translucent gate.
 36665 | Snake:2  | Found a runed translucent gate.
 36665 | Snake:2  | Found a runed translucent gate.
 37313 | Snake:2  | Noticed Louise
 37328 | Snake:2  | Cast into level 3 of the Abyss (Louise)
 37328 | Abyss:3  | Found a corrupted altar of Lugonu.
 37352 | Abyss:3  | Noticed a tentacled starspawn
 37590 | Abyss:3  | Noticed a tentacled starspawn
 37769 | Snake:2  | Escaped the Abyss
 37777 | Snake:2  | Killed Louise
 38049 | Snake:2  | Reached skill level 11 in Transmutations
 38438 | Snake:3  | Reached skill level 10 in Conjurations
 38438 | Snake:3  | Reached skill level 10 in Hexes
 38438 | Snake:3  | Reached skill level 10 in Summonings
 38438 | Snake:3  | Reached skill level 10 in Necromancy
 38438 | Snake:3  | Reached skill level 10 in Translocations
 38438 | Snake:3  | Reached skill level 10 in Fire Magic
 38438 | Snake:3  | Reached skill level 10 in Ice Magic
 38438 | Snake:3  | Reached skill level 10 in Air Magic
 38438 | Snake:3  | Reached skill level 10 in Earth Magic
 38438 | Snake:3  | Reached skill level 10 in Poison Magic
 38693 | Snake:3  | Identified the +3 ring mail of Qoaly {Regen+}
 39100 | Snake:3  | Found a runed translucent door.
 39101 | Snake:3  | Found a shimmering altar of Xom.
 39101 | Snake:3  | Identified the +4 war axe "Lycatu" {chaos, *Slow rF+ rC++
                  | rN+}
 39102 | Snake:3  | Noticed peterlawrence's ghost (adept MiFi)
 39634 | Snake:3  | Found a white marble altar of Elyvilon.
 40404 | Snake:4  | Entered Level 4 of the Snake Pit
 40485 | Snake:4  | Noticed Kirke
 40760 | Orc:1    | Entered Level 1 of the Orcish Mines
 41018 | Orc:2    | Entered Level 2 of the Orcish Mines
 41197 | Orc:2    | Found Oxoer's Distillery.
 41255 | Orc:2    | Reached XP level 18. HP: 123/144 MP: 34/34
 41336 | Orc:2    | Found Meclogg's General Store.
 41492 | Orc:2    | Found a staircase to the Elven Halls.
 41625 | Orc:2    | Found Kixte's Magic Scroll Emporium.
 42528 | Orc:2    | Found Zijiotz's Book Boutique.
 42528 | Orc:2    | Found Gaon's Antique Weapon Shop.
 42528 | Orc:2    | Found a one-way gate leading to the halls of Pandemonium.
 42789 | Orc:2    | Bought a scroll of acquirement for 780 gold pieces
 42789 | Orc:2    | Acquired 1207 gold pieces
 42817 | Orc:2    | Bought a potion of experience for 650 gold pieces
 42817 | Orc:2    | Reached skill level 12 in Transmutations
 42817 | Orc:2    | Reached XP level 19. HP: 151/151 MP: 35/35
 42843 | Orc:2    | Bought a scroll of teleportation for 45 gold pieces
 42843 | Orc:2    | Bought a scroll of teleportation for 45 gold pieces
 42886 | Orc:2    | Bought a scroll of brand weapon for 300 gold pieces
 43416 | Snake:3  | Killed Kirke
 45594 | Snake:4  | Got a serpentine rune of Zot
 46198 | Vaults:1 | Entered Level 1 of the Vaults
 46801 | Vaults:1 | Reached XP level 20. HP: 81/160 MP: 35/37
 47820 | Vaults:1 | Reached skill level 13 in Transmutations
 49432 | Vaults:2 | Identified the +6 chain mail of Plog {rPois rCorr Str+4
                  | Int-3}
 49432 | Vaults:2 | You are sucked into a shaft and drop 1 floor!
 49448 | Vaults:3 | Found Udumuq's Jewellery Shoppe.
 49721 | Vaults:3 | Found a staircase to the Crypt.
 50546 | Vaults:2 | Noticed Sojobo
 50557 | Vaults:2 | Killed Sojobo
 50818 | Vaults:2 | Learned a level 3 spell: Frozen Ramparts
 52996 | Vaults:3 | Bought a ring of willpower for 525 gold pieces
 53402 | D:4      | Bought a +0 pair of gloves of hurling for 115 gold pieces
 54172 | Vaults:3 | Found Mecy Tee's Jewellery Emporium.
 54276 | Vaults:3 | Found Vasun's Armour Shop.
 54337 | Vaults:3 | Found Aschasor's Jewellery Boutique.
 54338 | Vaults:3 | Found Duschodd's Assorted Antiques.
 54889 | Vaults:4 | Reached skill level 15 in Fighting
 54889 | Vaults:4 | Reached skill level 15 in Armour
 54889 | Vaults:4 | Reached skill level 15 in Shields
 55344 | Vaults:4 | Reached XP level 21. HP: 168/168 MP: 35/38
 55740 | Vaults:4 | Reached skill level 14 in Transmutations
 56727 | Elf:1    | Entered Level 1 of the Elven Halls
 56737 | Elf:1    | Reached skill level 15 in Invocations
 56837 | Elf:1    | Found a runed translucent door.
 57068 | Elf:1    | Got Khufu's Tome of Dark Rites
 57635 | Elf:2    | Noticed Nikola
 57645 | Elf:2    | Killed Nikola
 58360 | Elf:2    | Found a runed translucent gate.
 58361 | Elf:2    | Found a runed translucent gate.
 58361 | Elf:2    | Found a runed translucent gate.
 58395 | Elf:3    | Entered Level 3 of the Elven Halls
 58586 | Elf:3    | Reached skill level 15 in Axes
 59432 | Elf:3    | Reached XP level 22. HP: 106/177 MP: 38/40
 59824 | Elf:3    | Identified the ring of the Fifty Wars {Will+ Str+3}
 59865 | Elf:3    | Identified the amulet of Beogh's Reproof {Spirit rElec
                  | rPois}
 59865 | Elf:3    | Found the +3 Elemental Staff {rElec rF++ rC++ AC+5}
 59873 | Elf:3    | Identified the ring of Kemot {Str+6 Int+5}
 59895 | Elf:3    | Identified the ring "Atsogh Xesch" {rF+ rCorr}
 59901 | Elf:3    | Identified the ring of Pefutatt {*Corrode Fly rF+ Str+4
                  | Dex+2}
 59938 | Elf:3    | Identified the +10 short sword of Yrubb {speed, *Corrode
                  | Int+3 Stlth+}
 59940 | Elf:3    | Got the Disquisition on Creation and Transformation
 59995 | Elf:3    | Learned a level 3 spell: Mephitic Cloud
 60177 | Elf:3    | Reached skill level 15 in Transmutations
 60886 | Elf:3    | Noticed Asterion
 60896 | Elf:3    | Killed Asterion
 61421 | Depths:1 | Entered Level 1 of the Depths
 61471 | Depths:1 | Found a gateway to Hell.
 61473 | Depths:1 | Found Lona's Distillery.
 61477 | Depths:1 | Found Zob Qaf's Weapon Shop.
 61478 | Depths:1 | Found Nooz's Weapon Boutique.
 61513 | Depths:1 | Found a magical portal.
 61564 | WizLab   | Entered Zonguldrok's Shrine
 61725 | WizLab   | Noticed an antique lich
 61735 | WizLab   | Killed an antique lich
 61736 | WizLab   | Found the +9 sword of Zonguldrok {reap}
 62343 | Depths:1 | Noticed an ancient lich
 62351 | Depths:1 | Killed an ancient lich
 62372 | Depths:1 | Got the Incunabulum of Unholy Rites
 62793 | Depths:1 | Found a broken altar of Ashenzari.
 63689 | Depths:2 | Learned a level 4 spell: Summon Lightning Spire
 63694 | Depths:2 | Learned a level 4 spell: Airstrike
 63751 | Depths:2 | Reached skill level 15 in Short Blades
 63751 | Depths:2 | Reached skill level 15 in Long Blades
 63751 | Depths:2 | Reached skill level 15 in Maces & Flails
 63751 | Depths:2 | Reached skill level 15 in Polearms
 63751 | Depths:2 | Reached skill level 15 in Staves
 63751 | Depths:2 | Reached skill level 15 in Slings
 63751 | Depths:2 | Reached skill level 15 in Bows
 63751 | Depths:2 | Reached skill level 15 in Crossbows
 63751 | Depths:2 | Reached skill level 15 in Throwing
 63751 | Depths:2 | Reached skill level 15 in Dodging
 63751 | Depths:2 | Reached skill level 15 in Stealth
 63751 | Depths:2 | Reached skill level 15 in Unarmed Combat
 63751 | Depths:2 | Reached skill level 15 in Spellcasting
 63751 | Depths:2 | Reached skill level 15 in Evocations
 63761 | Depths:2 | Noticed a juggernaut
 63777 | Depths:2 | Killed a juggernaut
 63999 | Depths:2 | Noticed a golden dragon
 64017 | Depths:2 | Killed a golden dragon
 64018 | Depths:2 | Reached XP level 23. HP: 156/184 MP: 34/42
 64645 | Depths:2 | Found a shadowy altar of Dithmenos.
 64686 | Depths:2 | Found a runed translucent door.
 64723 | Depths:2 | Got the Incunabulum of Arcane Weapons
 64901 | Depths:2 | Identified the +7 short sword of Honour {vorpal, rPois rF+}
 64901 | Depths:2 | Identified the +1 leather armour of Reason {rPois}
 65104 | Depths:2 | Found a runed translucent door.
 65109 | Depths:2 | Found a runed translucent door.
 65109 | Depths:2 | Found a runed translucent door.
 65148 | Depths:2 | Reached skill level 16 in Transmutations
 65819 | Depths:3 | Found a one-way gate to the infinite horrors of the Abyss.
 65987 | Depths:3 | Noticed a golden dragon
 66098 | Depths:3 | Killed a golden dragon
 66279 | Depths:3 | Noticed a golden dragon
 66289 | Depths:3 | Killed a golden dragon
 66391 | Depths:3 | Found a one-way gateway to a ziggurat.
 66392 | Depths:3 | Identified the +0 flail "Utwoulal" {drain, +Blink rF+}
 66587 | Depths:3 | Found a glowing silver altar of Zin.
 66587 | Depths:3 | Found a white marble altar of Elyvilon.
 66588 | Depths:3 | Found a glowing golden altar of the Shining One.
 66799 | Depths:4 | Entered Level 4 of the Depths
 67321 | Depths:4 | Noticed Saint Roka
 67663 | Depths:4 | Killed Saint Roka
 68245 | Depths:4 | Found a sparkling altar of Nemelex Xobeh.
 68684 | Depths:4 | Found a gate to the Realm of Zot.
 69174 | Depths:4 | Found Big Baal Hell's Store.
 69346 | Depths:4 | Reached XP level 24. HP: 180/193 MP: 41/42
 69478 | Depths:4 | Identified the +4 double sword "Cedweuxonoq" {pain, rF++
                  | Str+8 Dex-4}
 70207 | Vaults:5 | Entered Level 5 of the Vaults
 70207 | Vaults:5 | Noticed Xtahua
 70472 | Vaults:5 | Noticed Frederick
 70482 | Vaults:4 | Reached skill level 17 in Transmutations
 70675 | Vaults:4 | Killed Xtahua
 71178 | Vaults:5 | Identified the ring of the Trilobite {Fly rN+}
 71360 | Vaults:5 | Noticed a dread lich
 71449 | Vaults:4 | Killed a dread lich
 71879 | Vaults:4 | Killed Frederick
 72302 | Vaults:5 | Reached XP level 25. HP: 194/202 MP: 43/43
 72464 | Vaults:5 | Got a silver rune of Zot
 72609 | Vaults:5 | Identified the +6 mace of Safaarch {pain, rElec rF- Will+}
 72613 | Vaults:5 | Identified the ring of Fanaticism {rC+ rN+ rCorr}
 72639 | Vaults:5 | Identified the ring "Arics" {Fly rN+}
 72809 | Vaults:5 | Got Sif Muna's Collected Works on Attacks
 73679 | Elf:3    | Learned a level 4 spell: Cause Fear
 74434 | Zot:1    | Entered Level 1 of the Realm of Zot
 75399 | Orc:2    | Bought a scroll of blinking for 112 gold pieces
 78115 | Zot:1    | Learned a level 5 spell: Irradiate
 78118 | Zot:1    | Learned a level 2 spell: Poisonous Vapours
 78178 | Zot:2    | Reached skill level 18 in Transmutations
 79352 | Zot:2    | Learned a level 4 spell: Hailstorm
 79356 | Zot:2    | Learned a level 3 spell: Stone Arrow
 80601 | Zot:2    | Noticed an orb of fire
 80608 | Zot:2    | Gained mutation: You have hidden genetic defects. [an orb
                  | of fire]
 80611 | Zot:2    | Gained mutation: Armour fits poorly on your strangely
                  | shaped body. [an orb of fire]
 80619 | Zot:2    | Killed an orb of fire
 80883 | D:13     | Lost mutation: You have hidden genetic defects. [potion of
                  | mutation]
 80883 | D:13     | Lost mutation: Armour fits poorly on your strangely shaped
                  | body. [potion of mutation]
 80883 | D:13     | Gained mutation: You are resistant to electric shocks.
                  | (rElec) [potion of mutation]
 80883 | D:13     | Gained mutation: Armour fits poorly on your strangely
                  | shaped body. [potion of mutation]
 80883 | D:13     | Gained mutation: You occasionally shout uncontrollably at
                  | your foes. [potion of mutation]
 80883 | D:13     | Gained mutation: Your muscles are strong. (Str +2) [potion
                  | of mutation]
 82915 | Zot:3    | Reached XP level 26. HP: 211/211 MP: 42/44
 83323 | Zot:4    | Noticed a Killer Klown
 83472 | Zot:4    | Noticed an orb of fire
 83607 | Zot:4    | Noticed a Killer Klown
 83792 | Zot:3    | Killed an orb of fire
 86244 | Zot:3    | Killed a Killer Klown
 86503 | Zot:3    | Killed a Killer Klown
 86504 | Zot:3    | Reached skill level 19 in Transmutations
 86706 | Zot:4    | Reached skill level 15 in Conjurations
 86706 | Zot:4    | Reached skill level 15 in Hexes
 86706 | Zot:4    | Reached skill level 15 in Summonings
 86706 | Zot:4    | Reached skill level 15 in Necromancy
 86706 | Zot:4    | Reached skill level 15 in Translocations
 86706 | Zot:4    | Reached skill level 15 in Fire Magic
 86706 | Zot:4    | Reached skill level 15 in Ice Magic
 86706 | Zot:4    | Reached skill level 15 in Air Magic
 86706 | Zot:4    | Reached skill level 15 in Earth Magic
 86706 | Zot:4    | Reached skill level 15 in Poison Magic
 87535 | Zot:5    | Entered Level 5 of the Realm of Zot
 88531 | Zot:5    | Learned a level 5 spell: Borgnjor's Vile Clutch
 88537 | Zot:5    | Learned a level 5 spell: Silence
 88543 | Zot:5    | Learned a level 5 spell: Freezing Cloud
 88698 | Zot:5    | Noticed an ancient lich
 88708 | Zot:4    | Reached XP level 27. HP: 215/220 MP: 41/44
 88978 | Zot:4    | Killed an ancient lich
 89171 | Zot:5    | Noticed a dread lich
 89177 | Zot:5    | Killed a dread lich
 89561 | Zot:5    | Noticed an orb of fire
 89561 | Zot:5    | Gained mutation: Your body sometimes deteriorates upon
                  | taking damage. [an orb of fire]
 89574 | Zot:5    | Gained mutation: You are clumsy. (Dex -2) [an orb of fire]
 89583 | Zot:4    | Killed an orb of fire
 91114 | Zot:5    | Noticed an ancient lich
 91126 | Zot:5    | Killed an ancient lich
 91454 | Zot:5    | Noticed an orb of fire
 91460 | Zot:5    | Noticed an orb of fire
 91462 | Zot:5    | Gained mutation: Your magical capacity is low. (-10% MP)
                  | [an orb of fire]
 91638 | Zot:5    | Gained mutation: You frequently scream uncontrollably at
                  | your foes. [an orb of fire]
 91645 | Zot:5    | Gained mutation: You tend to lose your temper in combat.
                  | [an orb of fire]
 91645 | Zot:5    | Gained mutation: You often lose your temper in combat. [an
                  | orb of fire]
 91647 | Zot:5    | Gained mutation: You sometimes lose the ability to read
                  | scrolls when taking damage. [an orb of fire]
 91653 | Zot:4    | Gained mutation: Your magical capacity is very low. (-20%
                  | MP) [an orb of fire]
 91655 | Zot:4    | Lost mutation: Your muscles are strong. (Str +2) [an orb of
                  | fire]
 91658 | Zot:4    | Lost mutation: You are clumsy. (Dex -2) [an orb of fire]
 91659 | Zot:4    | Killed an orb of fire
 91666 | Zot:4    | Killed an orb of fire
 91947 | Zot:4    | Lost mutation: You sometimes lose the ability to read
                  | scrolls when taking damage. [potion of mutation]
 91947 | Zot:4    | Lost mutation: You often lose your temper in combat.
                  | [potion of mutation]
 91947 | Zot:4    | Lost mutation: You frequently scream uncontrollably at your
                  | foes. [potion of mutation]
 91947 | Zot:4    | Gained mutation: Your body often deteriorates upon taking
                  | damage. [potion of mutation]
 91947 | Zot:4    | Gained mutation: You have hidden genetic potential. [potion
                  | of mutation]
 91947 | Zot:4    | Lost mutation: You tend to lose your temper in combat.
                  | [potion of mutation]
 93287 | Zot:5    | Noticed an orb of fire
 93295 | Zot:5    | Noticed an orb of fire
 93302 | Zot:5    | Gained mutation: You are frail. (-10% HP) [an orb of fire]
 93304 | Zot:5    | Noticed an ancient lich
 93323 | Zot:5    | Gained mutation: You are very frail. (-20% HP) [an orb of
                  | fire]
 93330 | Zot:5    | Gained mutation: You do not regenerate when monsters are
                  | visible. [an orb of fire]
 93336 | Zot:4    | Killed an ancient lich
 93495 | Zot:4    | Lost mutation: You are resistant to electric shocks.
                  | (rElec) [potion of mutation]
 93495 | Zot:4    | Lost mutation: You have hidden genetic potential. [potion
                  | of mutation]
 93495 | Zot:4    | Lost mutation: You are very frail. (-20% HP) [potion of
                  | mutation]
 93495 | Zot:4    | Gained mutation: You are agile. (Dex +2) [potion of
                  | mutation]
 93495 | Zot:4    | Lost mutation: You are agile. (Dex +2) [potion of mutation]
 93496 | Zot:4    | Lost mutation: You occasionally shout uncontrollably at
                  | your foes. [potion of mutation]
 93496 | Zot:4    | Lost mutation: Armour fits poorly on your strangely shaped
                  | body. [potion of mutation]
 93496 | Zot:4    | Gained mutation: Your spells are a little harder to cast,
                  | but a little more powerful. [potion of mutation]
 93496 | Zot:4    | Gained mutation: You are agile. (Dex +2) [potion of
                  | mutation]
 93565 | Zot:4    | Lost mutation: You are frail. (-10% HP) [an orb of fire]
 93568 | Zot:4    | Killed an orb of fire
 93793 | Zot:4    | Gained mutation: You sometimes lose the ability to read
                  | scrolls when taking damage. [an orb of fire]
 93808 | Zot:4    | Killed an orb of fire
 95228 | Zot:5    | Noticed an orb of fire
 95233 | Zot:5    | Gained mutation: Your magical capacity is extremely low.
                  | (-30% MP) [an orb of fire]
 95261 | Zot:4    | Gained mutation: You are frail. (-10% HP) [an orb of fire]
 95273 | Zot:4    | Killed an orb of fire
 97571 | Orc:2    | Bought a potion of heal wounds for 65 gold pieces
 97773 | Depths:1 | Bought a potion of heal wounds for 105 gold pieces
 97773 | Depths:1 | Bought a potion of heal wounds for 105 gold pieces
 97773 | Depths:1 | Bought a potion of invisibility for 168 gold pieces
 98017 | Zot:5    | Got the Orb of Zot
 98102 | Zot:3    | Reached skill level 20 in Transmutations
 98124 | Zot:3    | Noticed Uruasimn the pandemonium lord
 98231 | Depths:2 | Noticed Hezaluy the pandemonium lord
 98296 | Depths:2 | Noticed Suhupiuc the pandemonium lord
 98306 | Depths:2 | Noticed a seraph
 98807 | D:1      | Noticed Addaeshulu the pandemonium lord
 98822 | D:$      | Escaped with the Orb!

Illustrated notes

Levels and vault maps discovered:
D:1:      beargit_arrival_greenhouse, layout_rooms,
          hellmonk_ecumenical_altar_lost_god, serial_forest,
          infiniplex_forest_clump_C, infiniplex_forest_fountain,
          infiniplex_forest_end_double, infiniplex_forest_straight_3,
          infiniplex_forest_clump_large, infiniplex_forest_3_way,
          infiniplex_forest_zigzag_1, infiniplex_forest_lined_room_2,
          infiniplex_forest_clump_medium, minmay_octomino_c4
D:2:      layout_rooms
D:3:      layout_rooms, serial_rivers, chequers_serial_rivers_large_b,
          chequers_serial_rivers_micro_c, chequers_serial_rivers_room_a,
          chequers_serial_rivers_marsh, chequers_serial_rivers_micro_d,
          chequers_serial_rivers_small_3, kennysheep_pointless_box,
          amcnicky_mini_pool_small, minmay_misc_feat_square,
          minmay_misc_feat_five
D:4:      layout_basic, mainiacjoe_overflow_six_doors_small, tgw_kikubaaqudgha,
          ebering_ghost_rock_garden, portal_sewer_entry_d, serial_shops,
          nicolae_stop_n_shop_1, shop
D:5:      layout_loops_corners, nicolae_wooded_promenade
D:6:      layout_basic, slow_altar_2, minmay_temple_entry_hall,
          lightli_ossuary_entry_decrepit_ruins, minmay_shop_damaged,
          grunt_decor_cap, uniq_pikel, uniq_crazy_yiuf_cottage
D:7:      layout_cave_pools, uniq_maggie
D:8:      layout_loops_corners, dpeg_lair_monsters
D:9:      layout_loops_ring, enter_bailey_8, hex_medium, grunt_ministairs_3,
          kennysheep_potato
D:10:     minmay_wavy_crystal, layout_basic
D:11:     hellmonk_warped_wall, layout_layer_cave, hangedman_decor_growths
D:12:     layout_loops_ring, minmay_orc_entry_guard_dogs
D:13:     layout_roguey, uniq_sonja
D:14:     layout_basic, grunt_vaults_entry_tiered, nzn_wu_jian_contemplation,
          gauntlet_entry_generic, einodemon_barbed_minivault
D:15:     grunt_enter_depths_snipers, layout_irregular_city,
          minmay_statue_bubble, uniq_roxanne
Temple:   mainiacjoe_temple_bowtie_tessellation
Lair:1:   layout_loops_ring, grunt_megastairs_3
Lair:2:   layout_roguey, serial_bayou_pond_c, serial_bayou_shore_b,
          grunt_megastairs_4
Lair:3:   layout_cellular_growth, skrybe_swamp_entry_bodies,
          minmay_snake_entry_guardpost_small, serial_bayou_lagoon_a,
          uniq_gastronok
Lair:4:   layout_hall_layers, lemuel_fruit_tree
Lair:5:   layout_cave_pods, enter_volcano_4, grunt_megastairs_1
Lair:6:   evilmike_catoblepas_cave, layout_regular_city, slime_altar_2,
          kennysheep_rathole
Swamp:1:  layout_falls_marsh, hangedman_swamp_cone, infiniplex_staircase_pool,
          uniq_josephine
Swamp:2:  layout_falls_marsh, nicolae_swamp_little_swirl, uniq_mlioglotl
Swamp:3:  layout_falls_marsh, hangedman_swamp_lotus
Swamp:4:  swamp_basic_johnstein, layout_basic_swamp, swamp_pool2
Snake:1:  layout_onion_interference, grunt_megastairs_2
Snake:2:  layout_grid_maze, nicolae_snake_horde_hoard, uniq_louise
Snake:3:  minmay_snake_river, layout_chambers, ebering_ghost_xom, basic_altar,
          serial_bayou_shore_b
Snake:4:  minmay_snake_end_coiled, layout_layer_cave, special_room,
          serial_bayou_shore_a, uniq_kirke
Orc:1:    layout_caves
Orc:2:    pf_orc_diabolical, layout_caves, serial_shops, nicolae_shop_crystal,
          basic_altar
Elf:1:    elf_arrival_002, layout_geoelf_grid, minmay_elf_necromancy,
          amethyst_killhole, hangedman_elf_targetted_burst, minivault_13
Elf:2:    nicolae_elf_blades_crystal_corner, layout_onion_city, uniq_nikola
Elf:3:    minmay_elf_hall_four_x, layout_gridlike, grunt_ministairs_5,
          nrook_mini_backslash, uniq_asterion
Vaults:1: nicolae_vaults_big_ls, v_misc_22, v_misc_25, ontoclasm_vaults_tryst,
          v_misc_4, hangedman_vaults_restitches, hangedman_vaults_stagger,
          hangedman_vaults_corner_blocks, nicolae_vaults_rhombus_7,
          nicolae_vaults_specimen_jars, vaults_dpeg_hooks, nicolae_vaults_theta,
          nicolae_vaults_rhombus_5, layout_vaults_omnibox
Vaults:2: nicolae_vaults_circle_grid_a, vaults_mumra_chevron_long,
          ontoclasm_vaults_loading_screen, v_misc_14, v_misc_2,
          vaults_room_grunt_arrival_ludios, hangedman_vaults_stretched_pinwheel,
          nicolae_vaults_shelves_hall, nicolae_vaults_ring_of_whatevers,
          vaults_standard_mumra_enter_the_diamond, ontoclasm_vaults_spin,
          ontoclasm_vaults_shuriken, layout_vaults_maze_bifur, uniq_sojobo
Vaults:3: minmay_crypt_entry_simple_plaza, nicolae_vaults_angled_halls,
          ontoclasm_vaults_eye, nicolae_vaults_ring_of_whatevers,
          layout_vaults_omnigrid, serial_shops, nicolae_shop_advertising_works
          [nicolae_subvault_shop_adworks], shop_fountains, shop, shop, shop
Vaults:4: nicolae_vaults_little_squares_6, nicolae_vaults_triangles,
          nicolae_vaults_little_squares_1, v_misc_13, v_misc_14,
          ontoclasm_vaults_loading_screen, nicolae_vaults_theta,
          layout_vaults_chaotic_city
Vaults:5: uniq_margery, uniq_xtahua, uniq_frederick
Depths:1: layout_cave_shapes, chequers_serial_rivers_marsh, special_room
          [special_room_morgue], mu_enter_wizlab_1, hell_entry,
          nicolae_ashenzari_panopticon, serial_bayou_shore_b, minmay_shop_star
Depths:2: minmay_the_grid_four_pointed_star
          [minmay_the_grid_triangle_9x9_subtriangle,
          minmay_the_grid_triangle_9x9_pentomino_pain,
          minmay_the_grid_triangle_9x9_flanged_cone,
          minmay_the_grid_triangle_9x9_fully_insulated_deathbox,
          minmay_the_grid_prize_diamond_cup], layout_basic, pan_entry,
          grunt_hell_entry_dis_grunt, nicolae_dithmenos_through_a_glass_darkly
Depths:3: nzn_winding_woodlands_small
          [nzn_winding_woodlands_5x15_pathside_ponds,
          nzn_winding_woodlands_center_triple_pond,
          nzn_winding_woodlands_5x15_twine], layout_long_grid, enter_ziggurat_e,
          good_gods_temple_1, abyss_entry_small_statue_room,
          rand_demon_pan_entry_7, pf_vacation_house_of_asmodeus,
          serial_bayou_shore_b, infiniplex_staircase_squiggle
Depths:4: evilmike_zot_entry_argh, layout_cave_shapes,
          nicolae_hell_entry_big_baal_hell, nemelex_lonely_heart_becter,
          marbit_kobold_abyss_entry, minmay_guarded_unrand_zonguldrok,
          uniq_saint_roka
Zot:1:    kennysheep_blocky_room, layout_onion_interference
Zot:2:    layout_twisted_circle
Zot:3:    layout_gridlike
Zot:4:    lemuel_acid_trip, layout_onion_interference, grunt_ministairs_11
Zot:5:    layout_basic

Skill      XL: |  1  2  3  4  5  6  7  8  9 10 11 12 13 14 15 16 17 18 19 20 21 22 23 24 25 26 27 |
---------------+----------------------------------------------------------------------------------+-----
Invocations    | 1 2 3 4 5 6 7 8 9 10 11 12 13 14 15 16 17 18 19 | 19.9
Short Blades   | 1 2 3 4 5 6 7 8 9 10 11 12 13 14 15 16 17 18 | 18.4
Long Blades    | 1 2 3 4 5 6 7 8 9 10 11 12 13 14 15 16 17 18 | 18.4
Maces & Flails | 1 2 3 4 5 6 7 8 9 10 11 12 13 14 15 16 17 18 | 18.4
Polearms       | 1 2 3 4 5 6 7 8 9 10 11 12 13 14 15 16 17 18 | 18.4
Staves         | 1 2 3 4 5 6 7 8 9 10 11 12 13 14 15 16 17 18 | 18.4
Slings         | 1 2 3 4 5 6 7 8 9 10 11 12 13 14 15 16 17 18 | 18.4
Bows           | 1 2 3 4 5 6 7 8 9 10 11 12 13 14 15 16 17 18 | 18.4
Crossbows      | 1 2 3 4 5 6 7 8 9 10 11 12 13 14 15 16 17 18 | 18.4
Throwing       | 1 2 3 4 5 6 7 8 9 10 11 12 13 14 15 16 17 18 | 18.4
Dodging        | 1 2 3 4 5 6 7 8 9 10 11 12 13 14 15 16 17 18 | 18.4
Stealth        | 1 2 3 4 5 6 7 8 9 10 11 12 13 14 15 16 17 18 | 18.4
Unarmed Combat | 1 2 3 4 5 6 7 8 9 10 11 12 13 14 15 16 17 18 | 18.4
Spellcasting   | 1 2 3 4 5 6 7 8 9 10 11 12 13 14 15 16 17 18 | 18.4
Evocations     | 1 2 3 4 5 6 7 8 9 10 11 12 13 14 15 16 17 18 | 18.4
Conjurations   | 1 2 3 4 5 6 7 8 9 10 11 12 13 14 15 | 15.6
Hexes          | 1 2 3 4 5 6 7 8 9 10 11 12 13 14 15 | 15.6
Summonings     | 1 2 3 4 5 6 7 8 9 10 11 12 13 14 15 | 15.6
Necromancy     | 1 2 3 4 5 6 7 8 9 10 11 12 13 14 15 | 15.6
Translocations | 1 2 3 4 5 6 7 8 9 10 11 12 13 14 15 | 15.6
Transmutations | 1 2 3 4 5 6 7 8 9 10 11 12 13 14 15 16 17 18 19 20 | 20.0
Fire Magic     | 1 2 3 4 5 6 7 8 9 10 11 12 13 14 15 | 15.6
Ice Magic      | 1 2 3 4 5 6 7 8 9 10 11 12 13 14 15 | 15.6
Air Magic      | 1 2 3 4 5 6 7 8 9 10 11 12 13 14 15 | 15.6
Earth Magic    | 1 2 3 4 5 6 7 8 9 10 11 12 13 14 15 | 15.6
Poison Magic   | 1 2 3 4 5 6 7 8 9 10 11 12 13 14 15 | 15.6
Axes           | 5 6 7 8 9 10 11 12 13 14 15 16 17 18 | 18.9
Fighting       | 7 8 9 10 11 12 13 14 15 16 17 18 19 | 19.3
Armour         | 7 8 9 10 11 12 13 14 15 16 17 18 19 | 19.3
Shields        | 7 8 9 10 11 12 13 14 15 16 17 18 19 | 19.3

Action                   |  1- 3 |  4- 6 |  7- 9 | 10-12 | 13-15 | 16-18 | 19-21 | 22-24 | 25-27 || total
-------------------------+-------+-------+-------+-------+-------+-------+-------+-------+-------++-------
Melee: War axe           |   103 |   172 |   101 |       |       |   108 |    27 |       |       ||   511
       Bite              |     8 |    11 |    47 |   128 |   226 |   202 |   128 |   224 |   257 ||  1231
       Whip              |       |       |   263 |       |       |       |       |       |       ||   263
       Quick blade       |       |       |    96 |   798 |  1286 |   965 |       |       |     9 ||  3154
       Demon trident     |       |       |       |       |       |       |   899 |  1067 |  1260 ||  3226
       Demon blade       |       |       |       |       |       |       |     1 |       |       ||     1
       Double sword      |       |       |       |       |       |       |       |    43 |       ||    43
       Broad axe         |       |       |       |       |       |       |       |   191 |   189 ||   380
 Fire: Hunting sling     |       |     4 |     3 |       |       |       |       |       |       ||     7
Throw: Boomerang         |     4 |     2 |     4 |    23 |    13 |   352 |   271 |    23 |       ||   692
       Javelin           |       |       |       |     1 |     1 |    14 |    42 |    31 |    72 ||   161
       Dart              |       |       |       |       |       |     1 |       |     2 |     1 ||     4
 Cast: Wereblood         |       |       |       |     1 |    22 |    24 |    54 |    53 |    55 ||   209
       Frozen Ramparts   |       |       |       |       |       |       |    20 |    34 |    31 ||    85
       Mephitic Cloud    |       |       |       |       |       |       |       |     5 |     2 ||     7
       Airstrike         |       |       |       |       |       |       |       |    57 |    10 ||    67
       Summon Lightning  |       |       |       |       |       |       |       |    13 |     3 ||    16
       Poisonous Vapours |       |       |       |       |       |       |       |       |    43 ||    43
       Stone Arrow       |       |       |       |       |       |       |       |       |     2 ||     2
       Irradiate         |       |       |       |       |       |       |       |       |     1 ||     1
       Borgnjor's Vile C |       |       |       |       |       |       |       |       |    19 ||    19
       Freezing Cloud    |       |       |       |       |       |       |       |       |     6 ||     6
       Passwall          |       |       |       |       |       |       |       |       |     1 ||     1
       Silence           |       |       |       |       |       |       |       |       |     1 ||     1
Invok: Upheaval          |       |       |     1 |       |       |       |       |       |       ||     1
       Disaster Area     |       |       |       |       |       |     2 |       |     3 |     1 ||     6
       Elemental Force   |       |       |       |       |       |     2 |     1 |       |       ||     3
Evoke: Wand              |       |       |     3 |     4 |       |    17 |     1 |     1 |     1 ||    27
       Tin of tremorston |       |       |       |       |       |     1 |     1 |     2 |     1 ||     5
       Box of beasts     |       |       |       |       |       |       |     1 |       |     1 ||     2
       Phantom mirror    |       |       |       |       |       |       |       |     1 |     1 ||     2
  Use: Scroll            |     2 |     7 |     6 |     3 |     8 |    11 |    11 |     4 |    18 ||    70
       Potion            |       |     1 |     2 |       |       |     3 |     1 |     5 |    20 ||    32
 Stab: Distracted        |       |       |       |       |    32 |    24 |    17 |    34 |    30 ||   137
       Paralysed         |       |       |       |       |       |       |     3 |       |       ||     3
       Confused          |       |       |       |       |       |       |       |     5 |       ||     5
Armor: Scale mail        |    53 |    62 |     6 |       |       |       |       |       |       ||   121
       Skin              |       |    19 |       |       |       |       |       |       |       ||    19
       Ring mail         |       |       |   228 |    59 |    24 |       |       |       |       ||   311
       Crystal plate arm |       |       |       |       |   195 |   234 |   223 |   358 |   589 ||  1599
Dodge: Dodged            |    44 |    72 |   191 |   102 |   123 |    85 |    98 |   223 |   384 ||  1322
       Repelled          |       |       |       |       |     2 |     7 |    20 |     9 |    51 ||    89
Block: Buckler           |    31 |    46 |   134 |       |       |       |       |       |       ||   211
       Kite shield       |       |       |    60 |   426 |   700 |   792 |   775 |  1021 |    13 ||  3787
       Reflection        |       |       |       |    10 |    18 |    54 |   129 |    35 |     8 ||   254
       Tower shield      |       |       |       |       |       |       |       |       |  1555 ||  1555
